 Dungeon Crawl Stone Soup version 0.30-a0-862-g1aabd4f9c5 (webtiles) character file.

Game seed: 1402160323034549366

42 Newt the Shooter (level 3, -9/24 HPs)
             Began as a Kobold Hunter on Mar 8, 2023.
             Mangled by a gnoll
             ... wielding a +1 flail of protection
              (11 damage)
             ... on level 2 of the Dungeon.
             The game lasted 00:00:57 (897 turns).

Newt the Shooter (Kobold Hunter)                     Turns: 897, Time: 00:00:58

Health: -9/24      AC:  4    Str:  8    XL:     3   Next: 80%
Magic:  12/12      EV: 14    Int: 10    God:
Gold:   120        SH:  0    Dex: 20    Spells: 2/2 levels left

rFire   . . .      SeeInvis .    a - +1 shortbow
rCold   . . .      Faith    .    (shield currently unavailable)
rNeg    . . .      Spirit   .    c - +0 leather armour
rPois   .          Reflect  .    (no helmet)
rElec   .          Rampage  .    k - +0 cloak
rCorr   .                        (no gloves)
Will    .....                    (no boots)
Stlth   +++                      (no amulet)
HPRegen 0.24/turn                h - ring of magical power
MPRegen 0.13/turn                (no ring)

@: about to teleport
A: small, no large weapons, nightstalker 3
a: no special abilities


You were on level 2 of the Dungeon.
You visited 1 branch of the dungeon, and saw 2 of its levels.

You collected 120 gold pieces.

Inventory:

Hand Weapons
 a - a +1 shortbow (weapon)
Armour
 c - a +0 leather armour (worn)
 k - a +0 cloak (worn)
Jewellery
 h - a ring of magical power (left hand)
Scrolls
 b - a scroll of immolation
Potions
 i - a potion of brilliance
 j - a potion of flight


   Skills:
 + Level 4.2 Fighting
 - Level 5.3 Ranged Weapons
 - Level 2.4 Dodging
 - Level 1.3 Stealth


You had 2 spell levels left.
You didn't know any spells.
Your spell library was empty.

Dungeon Overview and Level Annotations

Branches:
Dungeon (2/15)

Altars:


Innate Abilities, Weirdness & Mutations

You are small and have problems with some larger weapons.
You are completely attuned to the shadows.


Message History

A gnoll comes into view. It is wielding a +0 spear.
You shoot an arrow. The arrow closely misses the goblin.
You hear an angry hiss.
A gnoll comes into view.
It is wielding a +1 flail of protection.
The goblin throws a boomerang.
The boomerang hits you.
You shoot an arrow. The arrow hits the goblin.
The goblin is moderately wounded.
A ball python comes into view.
You shoot an arrow. The arrow closely misses the goblin.
You hear a shout!
The goblin closely misses you.
The gnoll hits you from afar with a +0 spear.
You shoot an arrow. The arrow hits the goblin.
You kill the goblin!
You hear a shout!
The gnoll hits you from afar with a +0 spear!
* * * LOW HITPOINT WARNING * * *
A gnoll comes into view. It is wielding a +0 club.
The gnoll misses you. x2
You are too injured to fight recklessly!
You are too injured to fight recklessly!
The ball python attacks as you move away!
The ball python misses you. The ball python closely misses you.
The gnoll attacks as you move away!
The gnoll hits you with a +1 flail of protection.
* * * LOW HITPOINT WARNING * * *
The ball python misses you. The ball python grabs you.
The ball python constricts you.
Okay, then.
As you read the scroll of teleportation, it crumbles to dust.
You feel strangely unstable.
A hobgoblin comes into view. It is wielding a staff of air.
The gnoll closely misses you.
The ball python bites you but does no damage.
The ball python constricts you.
A gnoll comes into view. It is wielding a +0 club.
The gnoll barely misses you.
You escape the ball python's grasp.
The gnoll attacks as you move away!
The gnoll hits you with a +1 flail of protection!
You die...

.... †. .g..###...
....g..>.. ...g.....#
...)Sg.... #
.....@.... ...... .
.g........ .......# #
.......... .......#.#
.........#+#.......#.#
..................<#..
.........##........#..
......................
##.#.....###.##....#..
#.#.....#.#.#........


You could see 4 gnolls, a hobgoblin (wandering) and a ball python.

Vanquished Creatures
  A worm (D:2)
  A dart slug (D:1)
  4 bats
  4 endoplasms
  2 goblins
  7 hobgoblins
  2 jackals (D:1)
  2 quokkas (D:1)
  2 ball pythons
  A frilled lizard (D:1)
  2 kobolds (D:1)
  5 rats (D:1)
33 creatures vanquished.

Notes
Turn   | Place    | Note
-------+----------+-------------------------------------------
     0 | D:1      | Newt the Kobold Hunter began the quest for the Orb.
     0 | D:1      | Reached XP level 1. HP: 12/12 MP: 1/1
    70 | D:1      | Reached XP level 2. HP: 18/18 MP: 2/2
   252 | D:1      | Reached XP level 3. HP: 19/23 MP: 3/3
   614 | D:1      | Found a faded altar of an unknown god.
   897 | D:2      | Mangled by a gnoll

Illustrated notes

Levels and vault maps discovered:
D:1:      minmay_arrival_radiant_lines, layout_rooms,
          shapermc_ecumenical_altar_notcrosses, skrybe_limestone_x,
          chequers_serial_rivers_micro_d, minmay_ruptured
D:2:      layout_basic, minmay_tall_x

Skill      XL: |  1  2  3 |
---------------+----------+-----
Fighting       | 3 4 |  4.2
Ranged Weapons | |  5.3
Dodging        | |  2.4
Stealth        | |  1.3

Action                     || total
---------------------------++-------
   Fire: Shortbow          ||    78
    Use: Scroll            ||     6
 Armour: Leather armour    ||     9
  Dodge: Dodged            ||    39

Table legend: (Time is in decaauts)
 A = Elapsed time spent in this place.
 B = Non-inter-level travel time spent in this place.
 C = Inter-level travel time spent in this place.
 D = Time resting spent in this place.
 E = Time spent auto-exploring this place.
 F = Levels seen in this place.
 G = Mean time per level.
                   A        B        C        D        E       F      G
               +--------+--------+--------+--------+--------+-----+--------+
         Total |    919 |    880 |     39 |      0 |    715 |   2 |  459.5 |
       Dungeon |    919 |    880 |     39 |      0 |    715 |   2 |  459.5 |
               +--------+--------+--------+--------+--------+-----+--------+

Top non-repeatable levels by time:
     D:1: 682 daAuts
     D:2: 237 daAuts
